Map: Prion Terraces

Players

LilDicky

  • Race: Terran Terran
  • League: Diamond

NeverLucky - Winner!

  • Race: Zerg Zerg
  • League: Diamond

VOD

http://www.twitch.tv/tumescentpie

Description

Time

  • Played on: Dec. 3, 2015, 2:34 p.m.
  • Length: 4:58
Show
View Real Time Build Order
Export as new Build Order

LilDicky Terran 

Build Orders: Reaper Expand 

Get SALT Encoding   

  12  0:01  SCV  
  13  0:15  SCV  
  13  0:18  Supply Depot  
  14  0:27  SCV  
  15  0:29  Refinery  
  15  0:40  SCV  
  16  0:45  Barracks  
  16  0:53  SCV  
  17  1:05  SCV  
  18  1:17  SCV  
  19  1:31  Orbital Command  
  19  1:34  Reaper  
  20  1:50  Command Center  
  20  1:59  Factory  
  20  2:00  SCV  
  21  2:05  Refinery  
  21  2:12  Supply Depot  
  21  2:15  Barracks Tech Lab  
  21  2:19  SCV  
  22  2:31  SCV  
  23  2:43  SCV  
  24  2:58  Marine  
  25  3:00  Siege Tank  
  25  3:01  SCV  
  29  3:17  Marine  
  30  3:30  Orbital Command  
  30  3:32  Siege Tank  
  30  3:33  Command Center  
  33  3:35  Marine  
  33  3:41  Supply Depot  
  34  4:04  Siege Tank  
  34  4:18  Supply Depot, SCV  
  34  4:21  Barracks Reactor  
  31  4:32  Orbital Command  
Show
View Real Time Build Order
Export as new Build Order

NeverLucky Zerg - Winner!

Build Orders: Hatch First 

Get SALT Encoding   

  12  0:01  Drone  
  13  0:12  Overlord  
  13  0:17  Drone  
  14  0:30  Drone x2  
  14  0:34  Drone  
  17  0:52  Hatchery  
  17  0:54  Drone  
  17  1:08  Spawning Pool  
  17  1:10  Drone  
  17  1:15  Drone, Extractor  
  17  1:19  Drone  
  18  1:29  Overlord  
  18  1:39  Drone  
  19  1:49  Drone  
  20  1:56  Queen  
  20  2:00  Zergling x2  
  23  2:03  Queen  
  23  2:06  Drone  
  26  2:11  Drone  
  26  2:14  Drone  
  28  2:16  Metabolic Boost  
  28  2:23  Drone  
  28  2:25  Drone  
  30  2:33  Zergling x2  
  30  2:37  Zergling x2  
  30  2:43  Roach Warren, Zergling x2  
  31  2:48  Drone  
  32  3:08  Overlord x2  
  32  3:09  Overlord  
  34  3:27  Roach x4  
  40  3:36  Overlord x2  
  40  3:45  Zergling x2  
  40  3:46  Zergling x8  
  43  4:09  Zergling x10  
  48  4:12  Ravager x2  
  49  4:17  Zergling x6  
  47  4:39  Zergling x12  
Tags
 
Add a new tag
Caveats
  • Supply blocks, unpowered buildings, or Contaminate may cause inaccurate times.
  • Supply counts are checked every 10 seconds.